Map: Emerald City LE

Players

Massa - Winner!

  • Race: Terran Terran
  • League: Platinum
  • Spawn Location: 11:00

qqq - Winner!

  • Race: Protoss Protoss
  • League: Platinum
  • Spawn Location: 11:00

Firestorm

  • Race: Terran Terran
  • Spawn Location: 5:00

BlueIce

  • Race: Protoss Protoss
  • League: Diamond
  • Spawn Location: 5:00

VOD

Have the link to the VOD?

Description

Time

  • Played on: Dec. 12, 2020, 8:44 a.m.
  • Length: 10:34
Show
View Real Time Build Order
Export as new Build Order

Massa Terran - Winner!

Build Orders: Gas First Reaper Expand 

Get SALT Encoding   

  12  0:00  SCV  
  13  0:12  SCV  
  14  0:23  Supply Depot  
  14  0:24  SCV  
  15  0:34  Refinery  
  15  0:45  SCV  
  15  0:46  Barracks  
  16  0:59  SCV  
  17  1:11  SCV  
  18  1:23  SCV  
  19  1:33  Reaper  
  19  1:35  SCV  
  19  1:39  Command Center  
  21  1:49  Orbital Command  
  21  2:03  Supply Depot  
  21  2:06  Marine  
  22  2:13  Factory  
  22  2:18  SCV  
  23  2:32  Barracks Tech Lab  
  23  2:36  Supply Depot  
  23  2:42  SCV  
  24  2:48  Refinery  
  24  2:54  SCV  
  25  3:00  Barracks Tech Lab  
  25  3:01  Barracks  
  25  3:04  Barracks  
  25  3:06  SCV  
  25  3:09  Siege Tank  
  25  3:12  SCV  
  30  3:24  Orbital Command  
  30  3:25  SCV  
  31  3:29  Stimpack  
  31  3:32  Marine  
  33  3:41  SCV  
  33  3:42  Widow Mine  
  35  3:49  Marine x2  
  35  3:51  SCV  
  35  3:53  SCV, Marine  
  40  3:59  Engineering Bay  
  40  4:03  SCV  
  40  4:07  Marine x2  
  43  4:11  Marine  
  43  4:16  SCV x2  
  46  4:24  Marine  
  46  4:26  Marauder  
  46  4:29  Marine  
  50  4:31  Siege Tank  
  53  4:42  Marine  
  54  4:55  Supply Depot  
  54  4:56  Missile Turret, Supply Depot x2  
  54  4:57  Marine  
  53  5:01  Marauder  
  53  5:05  Marine  
  54  5:16  Marine, Siege Tank  
  54  5:19  Combat Shield, Supply Depot  
  54  5:20  Starport  
  58  5:23  Marauder  
  60  5:37  Barracks Reactor, Barracks Tech Lab  
  60  5:44  Marauder  
  62  5:57  Marine  
  62  5:59  SCV x2  
  65  6:05  Marauder  
  65  6:06  Medivac, Missile Turret  
  70  6:11  SCV x2  
  70  6:14  Marine  
  70  6:17  Refinery  
  72  6:19  Concussive Shells  
  72  6:20  Refinery  
  72  6:23  SCV x2  
  64  6:35  SCV  
  54  6:40  Siege Tank  
  54  6:42  Marauder x2, Marine x2  
  63  6:55  Medivac  
  63  7:00  Marine x2, Command Center  
  67  7:03  Marauder x2  
  67  7:07  Barracks x2  
  67  7:08  Barracks  
  71  7:11  SCV x2  
  71  7:12  Siege Tank  
  76  7:18  Marine  
  77  7:24  Marine  
  77  7:25  Marauder  
  80  7:30  Starport Reactor  
  80  7:31  SCV x2  
  82  7:43  SCV  
  83  7:45  Siege Tank  
  86  7:57  Marauder  
  86  8:11  Marine x2  
  86  8:12  Marauder  
  90  8:17  Siege Tank  
  89  8:29  Marine x2  
  89  8:30  Marauder, Marine x2  
  89  8:33  Marauder  
  96  8:49  Siege Tank  
  96  8:51  Marauder  
  96  8:54  Barracks Reactor, Barracks Tech Lab  
  101  9:00  Supply Depot  
  101  9:02  Orbital Command  
  101  9:04  Supply Depot  
  101  9:05  Supply Depot x2  
  101  9:21  SCV x2, Marine x2  
  101  9:22  Marauder x2  
  109  9:25  Marine  
  109  9:26  Supply Depot, Siege Tank  
  109  9:29  Supply Depot  
  109  9:30  Supply Depot  
  113  9:33  SCV x2  
  113  9:37  Marauder, Marine x2  
  119  9:39  Marine x2  
  119  9:41  Medivac  
  119  9:42  Medivac  
  119  9:43  Marauder x2, Marine  
  130  9:50  SCV x3  
  133  9:55  Marine x2  
  133  9:57  Marine x2  
  133  9:59  Refinery, Barracks, Marauder  
  139  10:01  Refinery, Barracks, Marine  
  139  10:02  SCV x2  
  139  10:04  Marauder  
Show
View Real Time Build Order
Export as new Build Order

qqq Protoss - Winner!

Build Orders:  

Get SALT Encoding   

  12  0:01  Probe  
  13  0:19  Probe  
  14  0:23  Pylon  
  14  0:31  Probe  
  15  0:44  Forge  
  15  0:45  Probe  
  16  0:57  Probe  
  16  1:00  Pylon  
  17  1:10  Pylon  
  17  1:12  Pylon  
  17  1:32  Photon Cannon  
  17  1:36  Photon Cannon  
  17  1:38  Pylon  
  17  1:48  Pylon  
  17  1:55  Pylon  
  17  2:28  Pylon  
  17  2:29  Gateway  
  17  2:35  Pylon  
  17  2:37  Pylon  
  17  2:44  Probe  
  17  3:10  Assimilator  
  17  3:12  Probe  
  18  3:14  Assimilator  
  18  3:15  Pylon  
  18  3:24  Probe  
  19  3:35  Zealot  
  19  3:36  Probe  
  19  3:38  Cybernetics Core  
  22  3:48  Probe  
  23  4:00  Probe  
  26  4:12  Probe, Photon Cannon  
  26  4:14  Pylon  
  27  4:18  Stalker (Chrono Boost)  
  27  4:24  Probe  
  28  4:41  Stargate, Stalker  
  28  5:10  Stargate  
  28  5:13  Probe, Pylon  
  29  5:15  Nexus  
  29  5:26  Probe  
  30  5:29  Void Ray (Chrono Boost)  
  30  5:39  Probe  
  35  5:47  Protoss Air Weapons Level 1 (Chrono Boost)  
  35  5:51  Probe  
  35  5:54  Assimilator  
  36  6:03  Probe  
  35  6:05  Void Ray (Chrono Boost)  
  35  6:16  Probe  
  40  6:22  Assimilator  
  40  6:28  Probe  
  41  6:38  Void Ray (Chrono Boost)  
  41  6:40  Probe  
  46  7:13  Void Ray  
  46  7:20  Probe x2  
  52  7:32  Probe x2  
  54  7:39  Nexus  
  54  7:44  Probe x2  
  54  7:46  Void Ray  
  55  7:56  Probe  
  60  8:13  Void Ray  
  60  8:18  Nexus  
  64  8:20  Pylon  
  64  8:24  Pylon  
  64  8:26  Fleet Beacon  
  64  8:32  Void Ray  
  68  8:50  Probe  
  69  9:02  Probe  
  66  9:16  Tempest  
  77  9:17  Carrier  
  77  9:24  Nexus  
  77  9:25  Pylon  
  77  9:29  Pylon  
  77  9:30  Probe  
  78  9:42  Probe  
  75  9:54  Probe  
  76  10:06  Probe  
  77  10:14  Photon Cannon  
  77  10:16  Photon Cannon  
  77  10:18  Probe  
  77  10:19  Photon Cannon  
Show
View Real Time Build Order
Export as new Build Order

Firestorm Terran 

Build Orders:  

Get SALT Encoding   

  12  0:00  SCV  
  13  0:13  SCV  
  14  0:24  Supply Depot  
  14  0:25  SCV  
  15  0:34  Refinery  
  15  0:45  SCV  
  15  0:46  Barracks  
  16  0:57  SCV  
  17  1:09  SCV  
  18  1:14  Barracks  
  18  1:21  SCV  
  19  1:33  SCV  
  19  1:35  Marine  
  21  1:49  Supply Depot  
  21  1:53  Marine  
  20  2:16  Marine  
  20  2:19  Supply Depot  
  21  2:28  Orbital Command  
  21  2:32  Command Center  
  20  2:41  Factory  
  20  2:53  Marine  
  20  2:55  Barracks Tech Lab  
  21  2:59  SCV, Supply Depot  
  22  3:11  SCV  
  23  3:22  Marine x2  
  25  3:46  Marine  
  25  3:47  Factory Tech Lab  
  25  3:48  Orbital Command  
  25  3:51  SCV  
  25  3:54  Refinery, Supply Depot  
  25  3:56  Engineering Bay  
  25  3:58  Marauder  
  25  3:59  Stimpack  
  27  4:18  Siege Tank  
  27  4:19  Marauder, Marine  
  33  4:26  SCV  
  33  4:29  Missile Turret  
  34  4:35  Supply Depot  
  34  4:41  Orbital Command  
  34  4:45  Marauder, Marine  
  37  4:50  Siege Tank  
  39  4:58  SCV  
  35  5:02  Marine  
  35  5:06  Marauder  
  38  5:10  SCV  
  39  5:18  Starport  
  39  5:20  Marine  
  40  5:28  Marauder  
  42  5:38  Marine  
  46  5:42  Siege Tank  
  46  5:57  Marine x2  
  46  6:01  Liberator  
  51  6:09  Supply Depot  
  51  6:14  Marine  
  51  6:15  Marine  
  51  6:16  Command Center  
  38  6:35  Marine  
  38  6:36  Marauder  
  38  6:37  Siege Tank  
  35  6:53  Marine  
  35  6:57  Marine  
  35  6:58  Viking  
  38  7:08  Orbital Command  
  38  7:11  Marine  
  38  7:14  Marine  
  37  7:23  Siege Tank  
  37  7:28  Orbital Command, Marine, Viking  
  43  7:32  Marine  
  43  7:37  SCV  
  45  7:46  Marine  
  46  7:56  Siege Tank  
  49  8:00  SCV  
  50  8:08  Marine  
  50  8:09  Marine  
  50  8:12  SCV  
  53  8:24  SCV  
  51  8:28  Siege Tank  
  51  8:30  Marine x2  
  54  8:48  Marine x2, Viking  
  56  8:49  Barracks x3  
  56  8:50  SCV  
  56  8:52  Refinery  
  56  8:54  Refinery  
  59  9:00  Siege Tank  
  60  9:02  SCV  
  58  9:11  Marine x2  
  58  9:14  SCV  
  61  9:24  Starport Reactor  
  61  9:27  SCV  
  62  9:37  Orbital Command  
  60  9:39  SCV  
  60  9:40  Marine  
  60  9:41  Marine x3  
  52  10:10  Marine x3  
  52  10:11  Marine  
Show
View Real Time Build Order
Export as new Build Order

BlueIce Protoss 

Build Orders:  

Get SALT Encoding   

  12  0:02  Probe  
  13  0:14  Probe  
  13  0:18  Pylon  
  14  0:26  Probe (Chrono Boost)  
  15  0:38  Probe (Chrono Boost)  
  15  0:42  Gateway  
  16  0:46  Probe (Chrono Boost)  
  16  0:48  Assimilator  
  17  0:52  Probe  
  18  1:05  Probe  
  19  1:17  Probe  
  20  1:34  Probe (Chrono Boost)  
  20  1:35  Zealot  
  23  2:09  Probe  
  22  2:21  Probe  
  19  2:27  Pylon  
  17  2:33  Probe  
  18  2:38  Pylon  
  18  2:45  Probe  
  19  2:57  Probe (Chrono Boost), Assimilator  
  20  3:02  Forge  
  20  3:09  Probe (Chrono Boost)  
  21  3:17  Probe (Chrono Boost)  
  22  3:21  Pylon  
  22  3:28  Probe  
  22  3:29  Gateway  
  23  3:41  Photon Cannon  
  23  3:46  Probe  
  24  3:49  Pylon  
  24  3:58  Probe  
  25  4:04  Pylon  
  25  4:11  Probe  
  26  4:18  Cybernetics Core  
  26  4:21  Photon Cannon  
  26  4:23  Probe  
  27  4:33  Photon Cannon  
  27  4:53  Photon Cannon  
  27  4:55  Pylon  
  27  4:58  Robotics Facility  
  27  5:00  Robotics Facility  
  27  5:05  Probe (Chrono Boost)  
  28  5:08  Warp Gate  
  29  5:15  Probe (Chrono Boost)  
  29  5:24  Probe  
  29  5:26  Protoss Ground Weapons Level 1  
  30  5:42  Immortal (Chrono Boost)  
  30  5:45  Immortal (Chrono Boost)  
  38  5:50  Probe  
  39  5:57  Pylon  
  39  6:13  Probe  
  39  6:14  Observer  
  39  6:16  Warp Prism  
  39  6:46  Immortal (Chrono Boost)  
  39  6:57  Gateway  
  39  7:01  Immortal (Chrono Boost)  
  39  7:02  Gateway x2  
  43  7:14  Stalker  
  45  7:33  Immortal  
  49  7:42  Stalker  
  45  8:16  Stargate  
  45  8:17  Immortal x2  
  45  8:35  Stalker  
  45  8:36  Stalker x2  
  51  8:43  Shield Battery  
  51  8:50  Sentry  
  51  8:51  Observer  
  53  8:58  Pylon  
  53  9:06  Stalker  
  55  9:18  Sentry x2  
  55  9:22  Probe  
  60  9:38  Zealot  
  60  9:41  Sentry  
  60  9:42  Sentry  
  66  10:13  Fleet Beacon  
  66  10:30  Stalker  
Tags
 
Add a new tag
Caveats
  • Supply blocks, unpowered buildings, or Contaminate may cause inaccurate times.
  • Supply counts are checked every 10 seconds.